 Dungeon Crawl Stone Soup version 0.21.1-1-g345015fe64 (webtiles) character file.

112448 Peloso the Peltast (level 16, -4/150 HPs)
             Began as a Minotaur Fighter on Mar 30, 2018.
             Was the Champion of Okawaru.
             Slain by a demonic crawler (6 damage)
             ... on level 2 of the Lair of Beasts.
             The game lasted 01:32:29 (32530 turns).

Peloso the Peltast (Minotaur Fighter)              Turns: 32530, Time: 01:32:29

Health: -4/150     AC: 34    Str: 28    XL:     16   Next: 11%
Magic:  15/15      EV: 11    Int:  5    God:    Okawaru [******]
Gold:   2006       SH:  9    Dex: 13    Spells: 15/15 levels left

rFire    x . .     SeeInvis +   a - +5 falchion (slice)
rCold    . . .     Gourm    +   X - +0 buckler {AC+3}
rNeg     . . .     Faith    .   h - +2 plate armour {MR+}
rPois    .         Spirit   .   j - +2 hat
rElec    .         Reflect  .   t - +0 cloak
rCorr    .         Harm     .   m - +2 pair of gloves {Str+3}
MR       ++++.                  q - +2 pair of boots
Stlth    ..........             D - amulet "Orchoygu" {Gourm rF- MR+ Stlth+}
HPRegen  0.35/turn              K - ring of see invisible
MPRegen  0.14/turn              l - ring of protection from magic

@: lethally poisoned (-4 -> -20)
A: retaliatory headbutt, horns 2, talons 1, rugged brown scales 1, low mp 1
a: Heroism, Finesse, Renounce Religion


You were on level 2 of the Lair of Beasts.
You worshipped Okawaru.
Okawaru was exalted by your worship.
You were hungry.

You visited 4 branches of the dungeon, and saw 24 of its levels.
You also visited: Labyrinth and Ice Cave.

You collected 2564 gold pieces.
You spent 558 gold pieces at shops.

Inventory:

Hand Weapons
 a - a +5 falchion of slicing (weapon)
 k - the +1 dagger of Tysm {flame, -Tele rElec rF+}
   (Okawaru gifted it to you on level 1 of the Spider Nest)

   It has been specially enchanted to burn those struck by it, causing extra
   injury to most foes and up to half again as much damage against particularly
   susceptible opponents.
   It protects you from fire.
   It insulates you from electricity.
   It prevents most forms of teleportation.
 z - a +1 scimitar of flaming
Armour
 h - a +2 plate armour of magic resistance (worn)
 j - a +2 hat (worn)
 m - a +2 pair of gloves of strength (worn)
 q - a +2 pair of boots (worn)
 t - a +0 cloak (worn)
 X - a +0 buckler of protection (worn)
Jewellery
 l - a ring of protection from magic (right hand)
 v - an uncursed ring of resist corrosion
 w - an uncursed ring of protection from cold
 D - the amulet "Orchoygu" (around neck) {Gourm rF- MR+ Stlth+}
   (You found it in an ice cave)

   [amulet of the gourmand]

   It allows you to eat raw meat even when not hungry.
   It makes you vulnerable to fire.
   It affects your resistance to hostile enchantments.
   It makes you more stealthy.
 K - a ring of see invisible (left hand)
Wands
 n - a wand of digging (8)
Scrolls
 b - 11 scrolls of teleportation
 g - a scroll of blinking
 r - a scroll of magic mapping
 u - 2 scrolls of fear
 A - 6 scrolls of identify
 N - 2 scrolls of summoning
Potions
 c - 2 potions of agility
 d - 3 potions of might
 e - 5 potions of haste
 i - 3 potions of curing
 o - 2 potions of berserk rage
 p - 3 potions of heal wounds
 s - 4 potions of resistance
 F - 4 potions of flight
 I - 2 potions of invisibility
Comestibles
 f - 34 rations


   Skills:
 + Level 14.1 Fighting
 + Level 7.6(12.0) Short Blades
 + Level 15.6(16.2) Long Blades
 + Level 15.9 Armour
 + Level 5.9 Dodging
 + Level 2.4 Stealth
 + Level 18.5 Shields
 + Level 0.6 Unarmed Combat
 + Level 3.0 Invocations


You had 15 spell levels left.
You didn't know any spells.

Dungeon Overview and Level Annotations

Branches:
Dungeon (15/15)            Temple (0/1) D:4            Lair (6/6) D:8
 Shoals (0/4) Lair:2       Spider (1/4) Lair:2        Slime (0/5) Lair:5
    Orc (2/2) D:11            Elf (0/3) Orc:2        Vaults (0/5) D:14
 Depths (0/5) D:15

Altars:
Gozag
Okawaru
Ru
Trog
The Shining One
Jiyva

Shops:
D:4 :   D:12 ((}*   Orc:2 (=*[

Annotations:
Spider:1 Frances


Innate Abilities, Weirdness & Mutations

You reflexively headbutt those who attack you in melee.
You have a pair of horns on your head.
You have sharp toenails.
You are partially covered in rugged brown scales. (AC +1, +3% HP)
Your magical capacity is low. (-10% MP)


Message History

The wolf spider hits you but does no damage.
You block the wolf spider's attack.
You feel sick. The wolf spider hits you!
* * * LOW HITPOINT WARNING * * *
The wolf spider bites you.
* * * LOW HITPOINT WARNING * * *
The wolf spider hits you!
* * * LOW HITPOINT WARNING * * *
The wolf spider barely misses you.
The demonic crawler hits you but does no damage. x3
You slash the demonic crawler! You headbutt the demonic crawler.
The demonic crawler is severely wounded.
* * * LOW HITPOINT WARNING * * *
You feel sick. You block the wolf spider's attack.
The wolf spider barely misses you.
You closely miss the demonic crawler. You headbutt the demonic crawler!
The demonic crawler is severely wounded.
* * * LOW HITPOINT WARNING * * *
You feel sick. The demonic crawler hits you.
You die...

##.#.P.####.#..........
#..)..................#
#..#.....#...##.....###
#.#.##..#.#.#.##P...# #
#.##.....##.####...####
#.......##.......#...##
#.....>......#..##....#
##..#..ss##.....##.....#
#P.##.#@..##...#.#......
##.####.####..###.......
#...#...##...# ##.....#
#...........## ##.....#
###P...##...# #.....##
#P..##..### ##...#.#
###.......# ##..†###
##.......# #....)..
##........# #.......


You could see a demonic crawler and a wolf spider.

Vanquished Creatures
  Rupert (Lair:2)
  Agnes (D:15)
  Kirke (D:14)
  3 orc warlords
  3 entropy weavers
  Nessos (Orc:2)
  Azrael (D:14)
  A minotaur (Lab)
  Fannar (D:11)
  2 rakshasas (D:15)
  2 ice dragons (IceCv)
  4 vault guards (D:14)
  2 catoblepae
  A death knight (D:13)
  7 hydras
  3 centaur warriors
  6 two-headed ogres
  A queen ant (Lair:4)
  2 orc high priests
  Nergalle (Orc:1)
  The ghost of DildoBatman the Skirmisher, a novice FoEn of Okawaru (D:7)
  4 unseen horrors
  2 skeletal warriors (D:13)
  A glowing orange brain (D:15)
  6 orc knights
  6 wolf spiders
  5 orc sorcerers
  A shining eye (shapeshifter) (D:15)
  A cyclops (D:15)
  6 ugly things
  2 manticores
  3 elephants
  A merfolk siren (Lair:2)
  Joseph (D:8)
  2 centaur zombies
  The ghost of brittlin the Chopper, a novice HOFi (D:4)
  2 black mambas
  2 ice statues (IceCv)
  Psyche (D:8)
  A torpor snail (Lair:2)
  19 spiny frogs
  2 kobold demonologists
  4 centaur skeletons
  3 komodo dragons
  A freezing wraith (D:14)
  5 yaktaurs (D:15)
  4 rime drakes
  3 jumping spiders
  A merfolk (Lair:2)
  A harpy zombie (D:15)
  A polar bear (Lair:4)
  4 tyrant leeches
  A troll (shapeshifter) (D:15)
  13 trolls
  Grinder (D:5)
  2 hornets
  19 blink frogs
  10 hippogriffs
  8 slime creatures
  6 dream sheep
  19 redbacks
  4 wraiths
  A shadow (D:12)
  A vampire (D:13)
  41 yaks
  A tarantella (Lair:2)
  4 wyverns
  3 fire elementals (D:14)
  A fire bat (shapeshifter) (D:15)
  Eustachio (D:5)
  3 hogs (D:14)
  4 hungry ghosts
  6 basilisks
  Grum (D:8)
  The ghost of FTLSpaceWarp the Slasher, an amateur DsBe of Trog (D:3)
  12 vampire mosquitoes
  3 wargs
  11 water moccasins
  An acid dragon (D:11)
  12 soldier ants
  4 hell hounds (D:14)
  Duvessa (D:4)
  8 porcupines
  32 orc warriors
  21 ice beasts
  3 sky beasts
  An ogre (shapeshifter) (D:15)
  2 phantoms
  18 ogres
  A necrophage (D:6)
  11 wolves
  12 crocodiles
  10 centaurs
  5 big kobolds
  18 bullfrogs
  3 gnoll sergeants (D:11)
  3 wyvern zombies
  Dowan (D:4)
  4 scorpions
  A wyvern skeleton (D:11)
  A water moccasin skeleton (D:8)
  6 killer bees (D:10)
  4 howler monkeys
  5 electric eels
  8 crimson imps
  A quasit (D:11)
  10 jellies
  A wyvern simulacrum (D:10)
  A bullfrog zombie (D:7)
  11 orc priests
  A hound (D:4)
  19 orc wizards
  2 bullfrog skeletons
  6 iguanas
  32 worker ants
  A hound zombie (D:9)
  3 hound skeletons
  A howler monkey zombie (D:8)
  Robin (D:3)
  A gnoll (D:11)
  18 adders
  5 shadow imps
  A white imp (D:10)
  8 oozes
  An adder skeleton (D:8)
  5 worms
  2 dart slugs (D:1)
  8 leopard geckos
  64 orcs
  A ball python (D:5)
  9 bats
  10 giant cockroaches
  12 goblins
  15 hobgoblins
  20 jackals
  3 quokkas
  A ball python skeleton (D:6)
  4 frilled lizards
  A jackal skeleton (D:9)
  21 kobolds
  A leopard gecko skeleton (D:7)
  A leopard gecko zombie (D:8)
  A quokka zombie (D:5)
  7 rats
  A butterfly (Lair:2)
  4 fungi
  A plant (Lair:1)
830 creatures vanquished.

Vanquished Creatures (others)
  27 fungi
  54 plants
81 creatures vanquished.

Grand Total: 911 creatures vanquished

Notes
Turn   | Place    | Note
-------+----------+-------------------------------------------
     0 | D:1      | Peloso the Minotaur Fighter began the quest for the Orb.
     0 | D:1      | Reached XP level 1. HP: 19/19 MP: 0/0
   191 | D:1      | Reached XP level 2. HP: 21/27 MP: 1/1
   366 | D:1      | Reached skill level 4 in Shields
   574 | D:1      | Reached XP level 3. HP: 23/33 MP: 2/2
   619 | D:1      | Gained mutation: Your magical capacity is low. (-10% MP) [potion of mutation]
   619 | D:1      | Gained mutation: You are partially covered in rugged brown scales. (AC +1, +3% HP) [potion of mutation]
   619 | D:1      | Gained mutation: You have sharp toenails. [potion of mutation]
   907 | D:2      | Reached XP level 4. HP: 37/41 MP: 2/2
  1361 | D:3      | Noticed Robin
  1369 | D:3      | Noticed FTLSpaceWarp's ghost (amateur DsBe)
  1394 | D:3      | Killed FTLSpaceWarp's ghost
  1394 | D:3      | Reached skill level 1 in Dodging
  1394 | D:3      | Reached skill level 5 in Shields
  1394 | D:3      | Reached XP level 5. HP: 35/48 MP: 3/3
  1399 | D:3      | Killed Robin
  1399 | D:3      | Reached XP level 6. HP: 36/54 MP: 4/4
  1634 | D:3      | Found an iron altar of Okawaru.
  1635 | D:3      | Found a bloodstained altar of Trog.
  1637 | D:3      | Found a sacrificial altar of Ru.
  1637 | D:3      | Found an opulent altar of Gozag.
  1652 | D:3      | Became a worshipper of Warmaster Okawaru
  1787 | D:3      | Reached skill level 5 in Long Blades
  2084 | D:4      | Noticed Duvessa
  2102 | D:4      | Killed Duvessa
  2102 | D:4      | Reached skill level 5 in Armour
  2203 | D:4      | Noticed Dowan
  2211 | D:4      | Killed Dowan
  2234 | D:4      | Reached * piety under Okawaru
  2264 | D:4      | Reached XP level 7. HP: 60/61 MP: 5/5
  2305 | D:4      | Got a pitted short sword {freeze}
  2306 | D:4      | Identified the +7 short sword of Pain and Death {freeze, rN+ Str+3} (You took it off an orc on level 4 of the Dungeon)
  2514 | D:4      | Reached skill level 5 in Fighting
  2596 | D:4      | Noticed brittlin's ghost (novice HOFi)
  2608 | D:4      | Killed brittlin's ghost
  2608 | D:4      | Reached skill level 6 in Shields
  2845 | D:4      | Found Fant's Book Emporium.
  2864 | D:4      | Reached XP level 8. HP: 29/70 MP: 6/6
  3108 | D:4      | Found a staircase to the Ecumenical Temple.
  3362 | D:5      | Entered Level 5 of the Dungeon
  3370 | D:5      | Found a glowing golden altar of the Shining One.
  3495 | D:5      | Noticed Eustachio
  3517 | D:5      | Killed Eustachio
  3517 | D:5      | Reached ** piety under Okawaru
  3775 | D:5      | Noticed Grinder
  3787 | D:5      | Killed Grinder
  3800 | D:5      | Reached skill level 7 in Shields
  4003 | D:5      | Reached skill level 5 in Short Blades
  4189 | D:6      | Reached XP level 9. HP: 77/77 MP: 7/7
  4258 | D:6      | Reached *** piety under Okawaru
  4738 | D:7      | Noticed DildoBatman's ghost (novice FoEn)
  4778 | D:7      | Killed DildoBatman's ghost
  5066 | D:7      | Reached skill level 10 in Long Blades
  5135 | D:7      | Reached **** piety under Okawaru
  5197 | D:7      | Paralysed by a hornet for 3 turns
  5203 | D:7      | Reached XP level 10. HP: 39/88 MP: 8/8
  5890 | D:8      | Noticed Joseph
  5906 | D:8      | Killed Joseph
  5906 | D:8      | Reached skill level 8 in Shields
  5906 | D:8      | Reached skill level 1 in Invocations
  5933 | D:8      | Noticed Grum
  5950 | D:8      | Killed Grum
  6154 | D:8      | Found a staircase to the Lair.
  6265 | D:8      | Noticed Psyche
  6269 | D:8      | Killed Psyche
  6269 | D:8      | Reached skill level 10 in Armour
  6431 | D:8      | Reached skill level 9 in Shields
  6604 | D:9      | Noticed a two-headed ogre
  6615 | D:9      | Killed a two-headed ogre
  6615 | D:9      | Reached ***** piety under Okawaru
  6622 | D:9      | Received a gift from Okawaru
  7135 | D:9      | Identified the Papyrus of Snow and the Rocks
  7210 | D:9      | Reached XP level 11. HP: 91/96 MP: 9/9
  7457 | D:10     | Entered Level 10 of the Dungeon
  7504 | D:10     | Reached skill level 10 in Shields
  8585 | D:10     | Killed an unseen horror
  8650 | D:10     | Received a gift from Okawaru
  8757 | Lair:1   | Entered Level 1 of the Lair of Beasts
  8777 | Lair:1   | Found a labyrinth entrance.
  8785 | Lab      | Entered a labyrinth
  8896 | Lab      | Found an exit through the horrors of the Abyss.
  8961 | Lab      | Noticed a minotaur
  8974 | Lab      | Killed a minotaur
  8995 | Lab      | Got a fine dagger {pierce}
  8996 | Lab      | Identified the cursed +0 dagger "Tissor" {pierce, rN+ MR- Str+8 Dex+5} (You took it off a minotaur in a labyrinth)
  8999 | Lab      | Identified Spellcasting for Novices
  9000 | Lab      | Found the +18 shield of the Gong {rElec rN+ MR+ EV-5}
  9914 | Lair:2   | Noticed a five-headed hydra
  9933 | Lair:2   | Reached skill level 11 in Shields
 10402 | Lair:2   | Found a hole to the Spider Nest.
 10893 | D:11     | Noticed a green ugly thing
 10930 | D:11     | Killed a green ugly thing
 10955 | D:11     | Reached XP level 12. HP: 104/108 MP: 10/10
 11200 | D:11     | Reached skill level 1 in Stealth
 11200 | D:11     | Reached skill level 12 in Shields
 11234 | D:11     | Noticed Fannar
 11245 | D:11     | Killed Fannar
 11245 | D:11     | Received a gift from Okawaru
 11549 | D:11     | Found a staircase to the Orcish Mines.
 11595 | D:11     | Noticed a two-headed ogre
 11615 | D:11     | Killed a two-headed ogre
 12419 | Lair:2   | Killed a five-headed hydra
 12419 | Lair:2   | Reached skill level 10 in Fighting
 12419 | Lair:2   | Reached skill level 13 in Shields
 12485 | Lair:2   | Found a staircase to the Shoals.
 12614 | Lair:3   | Noticed Rupert
 12625 | Lair:3   | Noticed a seven-headed hydra
 12647 | Lair:2   | Killed Rupert
 12647 | Lair:2   | Received a gift from Okawaru
 12875 | Lair:2   | Killed a seven-headed hydra
 13778 | Lair:3   | Reached ****** piety under Okawaru
 13822 | Lair:3   | Reached XP level 13. HP: 93/117 MP: 11/11
 14342 | Lair:4   | Received a gift from Okawaru
 14347 | Lair:4   | Reached skill level 14 in Shields
 14387 | Lair:4   | Got a slimy chain mail {god gift}
 14393 | Lair:4   | Identified the +2 chain mail of Zaontodd {Str+5} (Okawaru gifted it to you on level 4 of the Lair of Beasts)
 14518 | Lair:5   | Noticed an entropy weaver
 14523 | Lair:5   | Noticed an entropy weaver
 14565 | Lair:5   | HP: 1/117 [water moccasin (9)]
 15571 | Lair:4   | Killed an entropy weaver
 16037 | Lair:4   | Killed an entropy weaver
 16370 | Lair:5   | Reached skill level 15 in Shields
 16894 | Lair:5   | Found a viscous altar of Jiyva.
 16894 | Lair:5   | Found a staircase to the Slime Pits.
 17228 | Lair:6   | Entered Level 6 of the Lair of Beasts
 17411 | Lair:6   | HP: 5/119 [blink frog (3)]
 17417 | Lair:6   | HP: 3/119 [blink frog (2)]
 17456 | Lair:6   | Reached skill level 16 in Shields
 17489 | Lair:6   | Reached XP level 14. HP: 17/127 MP: 12/12
 17514 | Lair:6   | Found a frozen archway.
 17520 | IceCv    | Entered an ice cave
 17533 | IceCv    | Received a gift from Okawaru
 18291 | IceCv    | Got a sparkling ivory amulet
 18292 | IceCv    | Identified the amulet "Orchoygu" {Gourm rF- MR+ Stlth+} (You found it in an ice cave)
 19871 | Lair:5   | Received a gift from Okawaru
 21258 | Orc:1    | Entered Level 1 of the Orcish Mines
 21273 | Orc:1    | Noticed Nergalle
 21287 | Orc:1    | Killed Nergalle
 21348 | Orc:1    | Reached skill level 17 in Shields
 21635 | Orc:2    | Entered Level 2 of the Orcish Mines
 21635 | Orc:2    | Found a staircase to the Elven Halls.
 21998 | Orc:2    | Noticed Nessos
 22331 | Orc:2    | Killed Nessos
 22762 | Orc:2    | Found Naucsept's Jewellery Shop.
 22775 | Orc:2    | Noticed an orc warlord
 23148 | Orc:1    | Killed an orc warlord
 23149 | Orc:1    | Reached skill level 5 in Dodging
 23364 | Orc:2    | Found Pasoh's Antique Weapon Emporium.
 23408 | Orc:2    | Found Qemmanoi's Antique Armour Shop.
 23425 | Orc:2    | Bought a glowing hat for 231 gold pieces
 23617 | Orc:2    | Noticed an orc warlord
 23635 | Orc:2    | Killed an orc warlord
 23667 | Orc:2    | Found Utaepsoss's General Store.
 23688 | Orc:2    | Noticed an orc warlord
 23972 | Orc:2    | Killed an orc warlord
 24303 | D:12     | Found Upnasmoi's Gadget Shoppe.
 24305 | D:12     | Found Joazicot's Antique Weapon Emporium.
 24320 | D:12     | Received a gift from Okawaru
 24352 | D:12     | Bought an iridescent long sword for 255 gold pieces
 24352 | D:12     | Identified the +3 long sword of Luduj {slice, rF+} (You bought it in a shop on level 12 of the Dungeon)
 24375 | D:12     | Found Boalleul's Antique Weapon Emporium.
 24511 | D:12     | Reached XP level 15. HP: 107/138 MP: 14/14
 24720 | D:12     | Found Yliytt's General Store.
 24726 | D:12     | Bought a scroll of identify for 24 gold pieces
 24726 | D:12     | Bought a scroll of fog for 24 gold pieces
 24726 | D:12     | Bought a scroll of identify for 24 gold pieces
 25810 | D:13     | Reached skill level 15 in Armour
 25881 | D:13     | Reached skill level 15 in Long Blades
 26309 | D:14     | Found a gate to the Vaults.
 26386 | D:14     | Reached skill level 18 in Shields
 26791 | D:14     | Noticed Kirke
 27105 | D:14     | Killed Kirke
 27105 | D:14     | Received a gift from Okawaru
 27185 | D:14     | Noticed Azrael
 27236 | D:14     | Killed Azrael
 27599 | D:15     | Entered Level 15 of the Dungeon
 27599 | D:15     | Noticed Agnes
 27624 | D:15     | Killed Agnes
 28657 | D:15     | Found a glowing golden altar of the Shining One.
 30414 | D:15     | Found a staircase to the Depths.
 30806 | Spider:1 | Entered Level 1 of the Spider Nest
 30809 | Spider:1 | Noticed Frances
 31334 | Lair:2   | Reached XP level 16. HP: 128/149 MP: 15/15
 32088 | Spider:1 | Received a gift from Okawaru
 32091 | Spider:1 | Got a bloodstained dagger {god gift}
 32106 | Lair:2   | Identified the +1 dagger of Tysm {flame, -Tele rElec rF+} (Okawaru gifted it to you on level 1 of the Spider Nest)
 32528 | Lair:2   | HP: 5/150 [wolf spider (9)]
 32530 | Lair:2   | HP: 2/150 [poisoned by a wolf spider]
 32530 | Lair:2   | Slain by a demonic crawler

Skill      XL: |  1  2  3  4  5  6  7  8  9 10 11 12 13 14 15 16 |
---------------+-------------------------------------------------+-----
Armour         | 4 5 6 7 9 10 12 13 14 15 | 15.9
Shields        | 4 5 6 7 9 11 13 16 17 18 | 18.5
Fighting       | 4 5 7 8 9 10 11 12 13 14 | 14.1
Long Blades    | 3 4 5 6 7 10 11 12 13 14 15 | 15.6
Dodging        | 1 2 3 5 |  5.9
Short Blades   | 2 5 6 7 |  7.6
Invocations    | 1 2 3 |  3.0
Stealth        | 1 2 |  2.4
Unarmed Combat | |  0.6

Action                   |  1- 3 |  4- 6 |  7- 9 | 10-12 | 13-15 | 16-18 || total
-------------------------+-------+-------+-------+-------+-------+-------++-------
Melee: Long sword        |    84 |   146 |    12 |       |    55 |       ||   297
       Headbutt          |    10 |    27 |    45 |   224 |   669 |    38 ||  1013
       Kick              |     4 |    49 |    82 |   132 |       |       ||   267
       Short sword       |       |       |    49 |    25 |   231 |       ||   305
       Falchion          |       |       |   169 |   802 |  1860 |    92 ||  2923
       Dagger            |       |       |       |    31 |       |       ||    31
       Unarmed           |       |       |       |       |     6 |       ||     6
Invok: Heroism           |       |       |     2 |     4 |    14 |     3 ||    23
       Finesse           |       |       |       |     1 |     1 |       ||     2
Evoke: Wand              |       |       |       |       |     4 |       ||     4
  Use: Potion            |     2 |       |     2 |     2 |     9 |       ||    15
       Scroll            |       |     5 |     1 |    21 |    17 |     1 ||    45
  Eat: Chunk             |       |     5 |     9 |    25 |    34 |     2 ||    75
       Ration            |       |       |       |     1 |     8 |       ||     9
Armor: Scale mail        |    16 |       |       |       |       |       ||    16
       Chain mail        |    31 |    66 |    22 |       |   395 |       ||   514
       Plate armour      |       |       |    56 |   281 |   520 |   174 ||  1031
Dodge: Dodged            |    17 |    33 |    40 |    77 |   651 |    98 ||   916
Block: Shield            |    48 |    81 |    92 |   717 |   915 |       ||  1853
       Buckler           |       |       |       |       |   513 |    89 ||   602
       Rpst.: Long sword |     4 |    10 |     1 |       |    11 |       ||    26
       Falchion          |       |       |     9 |    19 |   113 |    19 ||   160
